 Dungeon Crawl Stone Soup version 0.29-a0-723-gce39da1c22 (webtiles) character file.

Game seed: 18139807292656153449

223 crusatyr the Slasher (level 5, -5/41 HPs)
             Began as a Demonspawn Monk on June 28, 2022.
             Killed from afar by Ijyb (21 damage)
             ... with a bolt of light
             ... on level 4 of the Dungeon.
             The game lasted 00:08:54 (3503 turns).

crusatyr the Slasher (Demonspawn Monk)              Turns: 3503, Time: 00:08:54

Health: -5/41      AC:  7    Str: 13    XL:     5   Next: 66%
Magic:  5/5        EV: 10    Int: 11    God:
Gold:   128        SH:  0    Dex: 16    Spells: 4/4 levels left

rFire   . . .      SeeInvis .   a - +1 falchion
rCold   . . .      Faith    .   (no shield)
rNeg    . . .      Spirit   .   q - +0 scale mail
rPois   .          Reflect  .   (helmet restricted)
rElec   .          Harm     .   f - +0 cloak
rCorr   .          Rampage  .   (no gloves)
Will    .....                   (no boots)
Stlth   +.........              (no amulet)
HPRegen 0.13/turn               (no ring)
MPRegen 0.09/turn               (no ring)

@: no status effects
A: antennae 2, powered by pain 1
a: no special abilities


You were on level 4 of the Dungeon.
You visited 1 branch of the dungeon, and saw 4 of its levels.

You collected 128 gold pieces.

Inventory:

Hand Weapons
 a - a +1 falchion (weapon)
 h - a +0 whip
Missiles
 l - 5 poisoned darts (quivered)
Armour
 f - a +0 cloak (worn)
 q - a +0 scale mail (worn)
Jewellery
 i - a ring of ice
 r - an amulet of faith
Scrolls
 b - 3 scrolls of teleportation
 e - a scroll of fog
 g - a scroll of vulnerability
 j - a scroll of identify
 m - a scroll of fear
 n - a scroll of magic mapping {unknown}
 o - 2 scrolls of immolation
Potions
 c - 2 potions of ambrosia
 d - a potion of haste {unknown}
 k - a potion of mutation {unknown}
 s - a potion of curing {unknown}
 t - a potion of heal wounds
 u - a potion of resistance {unknown}
 v - a potion of attraction {unknown}


   Skills:
 - Level 3.0 Fighting
 + Level 5.9 Long Blades
 - Level 2.6 Dodging
 - Level 1.7 Stealth


You had 4 spell levels left.
You didn't know any spells.
Your spell library contained the following spells:

 Spells                   Type           Power      Damage    Failure   Level
 Sublimation of Blood     Necr           0%         N/A       95%         2
 Wereblood                Tmut           0%         N/A       95%         2
 Ozocubu's Armour         Ice            0%         N/A       99%         3
 Portal Projectile        Hex/Tloc       0%         N/A       99%         3
 Tukima's Dance           Hex            0%         N/A       99%         3
 Blade Hands              Tmut           0%         N/A       100%        5
 Ozocubu's Refrigeration  Ice            0%         4d5       100%        7
 Summon Hydra             Summ           0%         N/A       100%        7


Dungeon Overview and Level Annotations

Branches:
Dungeon (4/15)
 Temple: D:4-7

Altars:

Annotations:
D:3 exclusion: downstairs
D:4 exclusion: centaur, Ijyb


Innate Abilities, Weirdness & Mutations

You have a pair of antennae on your head.
You sometimes gain a little power by taking damage.


Message History

You slash the necrophage!
The necrophage is almost destroyed.
The ufetubus hits you. x2; The ufetubus barely misses you.
The ufetubus hits you but does no damage.
The necrophage hits you.
You barely miss the necrophage.
The necrophage is almost destroyed.
The ufetubus hits you but does no damage.
The ufetubus closely misses you. The necrophage closely misses you.
You slash the necrophage!
You destroy the necrophage!
The ufetubus hits you but does no damage.
The ufetubus closely misses you. The ufetubus misses you.
The ufetubus closely misses you.
Your life force feels restored.
The ufetubus attacks as you move away!
The ufetubus hits you but does no damage.
The ufetubus hits you.
You see here a necrophage corpse.
The ufetubus hits you.
The ufetubus hits you but does no damage.
Found a spear.
The ufetubus hits you but does no damage.
The ufetubus hits you. The ufetubus attacks as you move away!
The ufetubus closely misses you. The ufetubus barely misses you.
The ufetubus hits you but does no damage. x2
The ufetubus attacks as you move away! The ufetubus barely misses you.
The ufetubus hits you but does no damage.
The ufetubus attacks as you move away! The ufetubus barely misses you.
The ufetubus hits you.
Ijyb the Twisted Goblin comes into view.
She is wielding a +4 club and carrying a wand of light (7).
Ijyb shouts!
You hear an angry hiss.
The ufetubus hits you but does no damage. x2
The ufetubus attacks as you move away!
The ufetubus hits you but does no damage. x2
An adder comes into view.
Ijyb zaps a wand.
The bolt of light hits you!!
Ouch! That really hurt!
You die...

#.### ........## ...>#
........#####
###.####...)...........# #
#....(..S. #...###.#
###.####.#...#..#.#.##.##
....# #... #.##h#..# #.###
#.#.###h###†#.# #)#
#[..g.5.###.#.# #.#
#.....@.......# #.######
#.##.##.##.####
#.....##.##.###.#.#.##
#####.##...........#######
#.#####.#####......... #.#
#.# ########## #)# #.# #.#
#.# #.# #.#


You could see a black bear, Ijyb, an adder and an ufetubus.

Vanquished Creatures
  A necrophage (D:4)
  A hound (D:4)
  An orc wizard (D:4)
  5 adders
  3 worms
  3 dart slugs (D:1)
  An orc (D:4)
  4 endoplasms
  5 giant cockroaches
  5 goblins
  5 hobgoblins
  2 quokkas
  5 ball pythons
  7 bats
  2 frilled lizards
  4 kobolds
  4 rats
58 creatures vanquished.

Notes
Turn   | Place    | Note
-------+----------+-------------------------------------------
     0 | D:1      | crusatyr the Demonspawn Monk began the quest for the Orb.
     0 | D:1      | Reached XP level 1. HP: 18/18 MP: 1/1
   179 | D:1      | Reached skill level 3 in Long Blades
   330 | D:1      | Gained mutation: You have a pair of small antennae on your
                  | head. [demonic ancestry]
   330 | D:1      | Reached XP level 2. HP: 22/24 MP: 2/2
  1134 | D:2      | Gained mutation: You have a pair of antennae on your head.
                  | [demonic ancestry]
  1134 | D:2      | Reached XP level 3. HP: 29/29 MP: 3/3
  1332 | D:2      | Reached skill level 4 in Long Blades
  1347 | D:2      | Found a faded altar of an unknown god.
  2102 | D:3      | Reached XP level 4. HP: 34/35 MP: 4/4
  2782 | D:3      | Reached skill level 5 in Long Blades
  2923 | D:4      | Noticed a centaur
  2923 | D:4      | Noticed a scorpion
  3183 | D:4      | Gained mutation: You sometimes gain a little power by
                  | taking damage. [demonic ancestry]
  3183 | D:4      | Reached XP level 5. HP: 10/41 MP: 5/5
  3484 | D:4      | Noticed a black bear
  3502 | D:4      | Noticed Ijyb
  3503 | D:4      | Killed from afar by Ijyb

Illustrated notes

Levels and vault maps discovered:
D:1:      psy_arrival_radial02, layout_basic, serial_glass, glass_columns_b,
          glass_columns_b, glass_columns_b, glass_columns_b, glass_columns_c,
          glass_columns_b, glass_columns_b, glass_columns_c,
          due_unseen_surprise, kennysheep_doodads
D:2:      layout_basic, serial_aquarium, aquarium_bridge_square
          [aquarium_subvault_bridge, aquarium_subvault_bridge,
          aquarium_subvault_window, aquarium_subvault_bridge],
          aquarium_window_corner, aquarium_window_corridor_3, aquarium_view_2c,
          aquarium_view_2g, aquarium_balcony_double_1, aquarium_pool_double,
          hellmonk_ecumenical_altar_blasted
D:3:      layout_loops_ring
D:4:      layout_loops_ring, uniq_ijyb

Skill      XL: |  1  2  3  4 |
---------------+-------------+-----
Long Blades    | 3 4 5 |  5.9
Fighting       | |  3.0
Dodging        | |  2.6
Stealth        | |  1.7

Action                   |  1- 3 |  4- 6 || total
-------------------------+-------+-------++-------
Melee: Falchion          |   134 |   111 ||   245
       Punch             |     1 |       ||     1
Throw: Dart              |     3 |     1 ||     4
  Use: Scroll            |       |     7 ||     7
       Potion            |       |     1 ||     1
Armor: Robe              |    10 |       ||    10
       Ring mail         |    21 |       ||    21
       Scale mail        |    28 |    64 ||    92
Dodge: Dodged            |    68 |    51 ||   119

Table legend: (Time is in decaauts)
 A = Elapsed time spent in this place.
 B = Non-inter-level travel time spent in this place.
 C = Inter-level travel time spent in this place.
 D = Time resting spent in this place.
 E = Time spent auto-exploring this place.
 F = Levels seen in this place.
 G = Mean time per level.
                   A        B        C        D        E       F      G
               +--------+--------+--------+--------+--------+-----+--------+
         Total |   3534 |   3386 |    148 |    418 |   2147 |   4 |  883.5 |
       Dungeon |   3534 |   3386 |    148 |    418 |   2147 |   4 |  883.5 |
               +--------+--------+--------+--------+--------+-----+--------+

Top non-repeatable levels by time:
     D:3: 1250 daAuts
     D:1: 1073 daAuts
     D:2: 993 daAuts
     D:4: 217 daAuts
